cohdb
Replays
Latest Replays
All Replays
Popular Replays
Top Player Replays
Match Explorer
How It Works
Community
CoH3 Stats
Reddit
Sign in to upload your games and track your stats! →
Sign in with Steam
Match 45348117
Unlisted
Match 45348117
Overview
Messages
Build Orders
End
Kradschützen Motorcycle Team
Selects Italian Combined Arms Battlegroup
Selects Bersaglieri Squad
Bersaglieri Squad
250 Light Carrier
Bersaglieri Squad
Bersaglieri Squad
Construct Light Support Kompanie
Fire Support Elements
Bersaglieri Squad
Selects Vehicle Support - Secure Location
Selects Vehicle Support - Force Recon
Panzerjäger Mechanized Group
Construct Panzerarmee Kommand
Bersaglieri Squad
MG34 Team
Selects Semovente da 75/18 Assault Gun
Bersaglieri Squad
DEHIM
raven182
Jamoro
Mettiu
[PD]Folscher
[PD] squisl
[PD]Bimbi
Nico-Nico-Nii~~
0
0
Comments
sign in to comment!
No comments posted yet!